 Dungeon Crawl Stone Soup version 0.16-a0-51-g3cd7026 (webtiles) character file.

53 Qrupt the Ruffian (level 3, -1/28 (29) HPs)
             Began as a Ghoul Warper on Aug 6, 2014.
             Killed from afar by an orc wizard (7 damage)
             ... with a magic dart
             ... on Level 2 of the Dungeon.
             The game lasted 00:03:03 (1875 turns).

Qrupt the Ruffian (Ghoul Warper)                    Turns: 1875, Time: 00:03:03

HP  -1/28 (29)   AC  3     Str 14      XL: 3   Next: 87%
MP   5/5         EV 11     Int 13      God:
Gold 98          SH  0     Dex  9      Spells:  1 memorised,  4 levels left

rFire  . . .     SeeInvis .       - Unarmed
rCold  + . .     Clarity  .     b - +0 leather armour
rNeg   + + +     rCorr    .     (no shield)
rPois  +         rRot     +     (no helmet)
rElec  .         Spirit   .     (no cloak)
SustAb .         Warding  .     (no gloves)
rMut   .         Stasis   .     (no boots)
Saprov + + +                    (no amulet)
MR     .....                    (no ring)
                                (no ring)

@: brilliant, rotting, not resistant to hostile enchantments, very unstealthy
A: rotting body, claws 1, carnivore 3, cold resistance 1, negative energy
resistance 3, poison resistance, saprovore 3, slow healing 1, torment
resistance, unbreathing
a: no special abilities


You were on level 2 of the Dungeon.
You were not hungry.

You visited 1 branch of the dungeon, and saw 3 of its levels.

You collected 98 gold pieces.

Inventory:

Missiles
 e - 5 tomahawks (quivered)
Armour
 b - a +0 leather armour (worn)
Scrolls
 d - a scroll of blinking
 g - a scroll of enchant weapon {unknown}
 h - a scroll of magic mapping {unknown}
 j - a scroll of fog {unknown}
 p - 3 scrolls of remove curse {unknown}
 q - a scroll of random uselessness {unknown}
Jewellery
 a - an uncursed ring of stealth {unknown}
 k - an uncursed ring of protection from fire {unknown}
Potions
 f - 2 potions of brilliance
 l - 2 potions of haste {unknown}
 n - a potion of poison {unknown}
 o - a potion of curing {unknown}
 r - a potion of heal wounds {unknown}
Books
 c - a book of Spatial Translocations

   Spells                             Type                      Level
   *Apportation                       Translocation                1
   Blink                              Translocation                2
   Shroud of Golubria                 Charms/Translocation         2
   Portal Projectile                  Translocation                3
   Teleport Other                     Translocation                3
   Passage of Golubria                Translocation                4


   Skills:
 - Level 2.1 Fighting
 - Level 0.8 Throwing
 - Level 0.8 Armour
 - Level 1.7 Dodging
 + Level 4.4 Unarmed Combat
 - Level 1.7 Spellcasting
 - Level 2.6 Translocations


You had 4 spell levels left.
You knew the following spells:

 Your Spells              Type           Power        Failure   Level  Hunger
a - Apportation           Tloc           ###.......   1%          1    ##.....


Dungeon Overview and Level Annotations

Branches:
Dungeon (3/15)

Altars:
Ashenzari
Kikubaaqudgha
Qazlal
Vehumet


Innate Abilities, Weirdness & Mutations

Your body is rotting away.
You have sharp fingernails.
You are carnivorous and can eat meat at any time.
Your flesh is cold resistant.
You are immune to negative energy.
Your system is resistant to poisons.
You thrive on rotten meat.
You heal slowly when monsters are visible.
You are immune to unholy pain and torment.
You can survive without breathing.


Message History

The orc wizard hits you with a dagger.
* * * LOW HITPOINT WARNING * * *
You are too injured to fight recklessly!
You are too injured to fight recklessly!
You are too injured to fight recklessly!
You are too injured to fight recklessly!
You are too injured to fight recklessly!
You are too injured to fight recklessly!
You are too injured to fight recklessly!
You are too injured to fight recklessly!
You are too injured to fight recklessly!
You are too injured to fight recklessly!
You are too injured to fight recklessly!
You are too injured to fight recklessly!
Drink which item? (? for menu, Esc to quit)
You feel clever all of a sudden.
It was a potion of brilliance.
The orc wizard is no longer bleeding.
The orc wizard points at you and mumbles some strange words.
The magic dart hits you!
You die...

##.## ##.## #.# #.#
#.# ##.# ##'## #..#
##...## #.##
##...).## ###.#
##.......## ##.#.#
##.........####..>.#
.'.........'....@..#
##.........####o...#
##.......##
###.#.####
####.....##
#........#
.........#
#.###.##.#
#..###+#.# #.#
#..#.# #..# #.#.#
#.# #....#
#..###.#.#
#.####.#.#
#......#.#
#........#


You could see an orc wizard.

Vanquished Creatures
  An adder (D:2)
  A giant gecko (D:2)
  5 bats
  2 giant cockroaches (D:2)
  7 hobgoblins
  4 jackals (D:2)
  7 kobolds
  3 giant newts
  5 goblins
  A quokka (D:2)
  5 rats
41 creatures vanquished.

Vanquished Creatures (others)
  A human (D:2)
1 creature vanquished.

Grand Total: 42 creatures vanquished

Notes
Turn   | Place    | Note
--------------------------------------------------------------
     0 | D:1      | Qrupt, the Ghoul Warper, began the quest for the Orb.
     0 | D:1      | Reached XP level 1. HP: 17/17 MP: 2/2
   169 | D:1      | Reached XP level 2. HP: 20/23 MP: 3/3
   205 | D:1      | Reached skill level 3 in Unarmed Combat
  1005 | D:2      | Reached XP level 3. HP: 29/29 MP: 5/5
  1090 | D:2      | Reached skill level 4 in Unarmed Combat
  1354 | D:2      | Found a radiant altar of Vehumet.
  1354 | D:2      | Found a stormy altar of Qazlal.
  1355 | D:2      | Found an ancient bone altar of Kikubaaqudgha.
  1409 | D:2      | Found a shattered altar of Ashenzari.
  1612 | D:2      | Found an ancient bone altar of Kikubaaqudgha.
  1614 | D:2      | Noticed a human
  1616 | D:2      | Killed a human
  1875 | D:2      | Killed from afar by an orc wizard

Action                   || total
-------------------------++-------
Melee: Unarmed           ||   150
  Use: Potion            ||     1
  Eat: Chunk             ||     3
